 Dungeon Crawl Stone Soup version 0.29.1-1-gd02db6906a (webtiles) character file.

Game seed: 17575240560072295874

497 112233 the Gusty (level 7, 0/41 HPs)
             Began as an Octopode Air Elementalist on Oct 11, 2022.
             Was an Initiate of Makhleb.
             Slain by Pikel
             ... wielding a +2 whip of freezing
              (9 damage)
             ... on level 5 of the Dungeon.
             The game lasted 00:04:59 (5743 turns).

112233 the Gusty (Octopode Air Elementalist)        Turns: 5743, Time: 00:05:00

Health: 0/41       AC:  1    Str:  7    XL:     7   Next: 15%
Magic:  13/13      EV: 14    Int: 20    God:    Makhleb [......]
Gold:   202        SH:  0    Dex: 12    Spells: 8/14 levels left

rFire   . . .      SeeInvis .   b - +0 spear
rCold   . . .      Faith    .   (no shield)
rNeg    . . .      Spirit   .   (helmet restricted)
rPois   .          Reflect  .   (no amulet)
rElec   .          Harm     .   (no ring)
rCorr   .          Rampage  .   (no ring)
Will    .....                   (no ring)
Stlth   ++........              (no ring)
HPRegen 0.13/turn               (no ring)
MPRegen 0.13/turn               (no ring)
                                (no ring)
                                (no ring)

@: confused, brilliant, ambrosia-drunk
A: almost no armour, amphibious, 8 rings, camouflage 1, gelatinous body 1,
(nimble swimmer 1), tentacles
a: Renounce Religion


You were on level 5 of the Dungeon.
You worshipped Makhleb.
Makhleb was noncommittal.
You visited 1 branch of the dungeon, and saw 6 of its levels.

You collected 202 gold pieces.

Inventory:

Hand Weapons
 a - a +0 vorpal hand axe
 b - a +0 spear (weapon)
Armour
 u - a +0 kite shield
Jewellery
 r - a +6 ring of strength
Wands
 p - a wand of flame (2)
Scrolls
 e - a scroll of vulnerability {unknown}
 f - a scroll of teleportation {unknown}
 i - 4 scrolls of identify {unknown}
 k - a scroll of butterflies {unknown}
 l - a scroll of fear {unknown}
 m - a scroll of magic mapping {unknown}
Potions
 c - a potion of brilliance
 d - 2 potions of magic
 g - 2 potions of might
 j - a potion of flight {unknown}
 n - 2 potions of heal wounds {unknown}
 o - 4 potions of curing {unknown}
 q - a potion of cancellation {unknown}
 s - 2 potions of mutation {unknown}
 t - a potion of lignification {unknown}


   Skills:
 + Level 4.5 Dodging
 - Level 2.6 Stealth
 + Level 4.3 Spellcasting
 - Level 1.0 Conjurations
 + Level 5.1 Air Magic


You had 8 spell levels left.
You knew the following spells:

 Your Spells              Type           Power      Damage    Failure   Level
a - Shock                 Conj/Air       96%        1d9       3%          1
b - Static Discharge      Conj/Air       24%        3-6/arc   5%          2
c - Swiftness             Air            37%        N/A       4%          3

Your spell library contained the following spells:

 Spells                   Type           Power      Damage    Failure   Level
 Magic Dart               Conj           48%        1d5       9%          1
 Searing Ray              Conj           24%        2d5       12%         2
 Mephitic Cloud           Conj/Pois/Air  18%        N/A       16%         3
 Airstrike                Air            18%        2d(3-19)  16%         4
 Call Imp                 Summ           6%         N/A       19%         2
 Fulminant Prism          Conj/Hex       4%         3d6       71%         4


Dungeon Overview and Level Annotations

Branches:
Dungeon (6/15)
 Temple: D:4-7

Altars:
Hepliaklqana
Makhleb
Okawaru
Qazlal
Wu Jian

Annotations:
D:4 exclusion: downstairs
D:5 Pikel


Innate Abilities, Weirdness & Mutations

You cannot wear most types of armour.
You are amphibious.
You can wear up to eight rings at the same time.
Your skin changes colour to match your surroundings (Stealth+).
Your rubbery body absorbs attacks. (AC +1, EV +1)
((You are camouflaged when in or above water. (Stealth+)))
You have tentacles for arms and can constrict up to eight enemies at once.


Message History

Aiming: Shock (safe; 3% risk of failure)
Press: ? - help, Shift-Dir - straight line The zap hits the gnoll.
The gnoll is severely wounded.
The gnoll misses you.
Unknown command.
Casting: Shock (safe; 3% risk of failure)
Confirm with . or Enter, or press ? or * to list all spells.
The gnoll is struck by an arc of lightning.
You kill the gnoll!
Makhleb accepts your kill.
You are struck by an arc of lightning.
The lightning grounds out.
A gnoll comes into view. It is wielding a +0 club.
Your magical contamination has completely faded away.
You climb upwards.
Level annotation: Pikel Pikel hits you with a +2 whip of freezing.
Pikel freezes you.
There is a stone staircase leading down, spattered with blood here.
Unknown command.
It was a potion of brilliance.
You feel clever all of a sudden. Pikel barely misses you.
Unknown command.
Pikel hits you with a +2 whip of freezing!
Pikel freezes you.
A lemure comes into view.
Okay, then.
Okay, then.
It was a potion of ambrosia.
You are confused.
You feel invigorated.
Pikel hits you with a +2 whip of freezing!
* * * LOW HITPOINT WARNING * * *
Pikel freezes you.
* * * LOW HITPOINT WARNING * * *
Unknown command.
You're too confused to move!
Pikel hits you with a +2 whip of freezing!
You die...

#. #.#######...
..#.......# #.#@#
#.#K### # #..5.>#
.. #######.#.#.#
#.##.........#...
#.##.#####.###.##5#
###.##.# #.....##.#
#......# #.###.##.#
#....[.#####.#
#.##.#


You could see Pikel and a lemure.

Vanquished Creatures
  2 scorpions
  A necrophage (D:4)
  A jelly (D:4)
  2 hounds
  2 iguanas
  2 orc wizards (D:4)
  2 gnolls (D:6)
  2 adders
  An ufetubus (D:4)
  4 dart slugs
  2 orcs (D:4)
  7 endoplasms
  2 giant cockroaches
  7 goblins
  6 hobgoblins
  4 kobolds
  7 quokkas
  7 ball pythons
  5 bats
  7 rats
73 creatures vanquished.

Notes
Turn   | Place    | Note
-------+----------+-------------------------------------------
     0 | D:1      | 112233 the Octopode Air Elementalist began the quest for
                  | the Orb.
     0 | D:1      | Reached XP level 1. HP: 11/11 MP: 3/3
     5 | D:1      | Found a faded altar of an unknown god.
   252 | D:1      | Reached XP level 2. HP: 11/17 MP: 0/5
   364 | D:1      | Learned a level 2 spell: Static Discharge
   996 | D:1      | Reached XP level 3. HP: 21/21 MP: 3/6
  1932 | D:2      | Identified the +3 leather armour of Sej Zago {+Inv Fly
                  | rPois rF-}
  1942 | D:2      | Identified the +0 robe of Muekhlin {rElec Will+++ Int-5
                  | Dex+3}
  2438 | D:3      | Reached XP level 4. HP: 27/27 MP: 4/8
  2442 | D:3      | Learned a level 3 spell: Swiftness
  3043 | D:3      | Found a hazy altar of Hepliaklqana.
  3046 | D:3      | Found an iron altar of Okawaru.
  3052 | D:3      | Found an ornate altar of the Wu Jian Council.
  3055 | D:3      | Found a burning altar of Makhleb.
  3121 | D:3      | Found a stormy altar of Qazlal.
  3201 | D:3      | Became a worshipper of Makhleb the Destroyer
  3469 | D:4      | Noticed a scorpion
  3491 | D:4      | Killed a scorpion
  3492 | D:4      | Reached skill level 4 in Air Magic
  3492 | D:4      | Reached XP level 5. HP: 28/31 MP: 2/9
  3751 | D:4      | Reached XP level 6. HP: 18/36 MP: 5/11
  5020 | D:5      | Entered Level 5 of the Dungeon
  5020 | D:5      | Noticed a black bear
  5338 | D:5      | Noticed Pikel
  5415 | D:5      | Reached skill level 5 in Air Magic
  5415 | D:5      | Reached XP level 7. HP: 25/41 MP: 5/13
  5743 | D:5      | Slain by Pikel

Illustrated notes

Levels and vault maps discovered:
D:1:      minmay_arrival_checkered_box, layout_basic,
          ebering_ecumenical_altar_petrified
D:2:      layout_rooms
D:3:      layout_basic, minmay_overflow_temple_star_hex, dk_noncrumbling_3
D:4:      layout_basic, minmay_circle_x
D:5:      layout_loops_ring, trog_three_pillars_becter,
          nicolae_ossuary_entry_catacombs, uniq_pikel
D:6:      layout_basic, lemuel_mausoleum_altar_yredelemnul,
          minmay_temple_entry_sparse_star

Skill      XL: |  1  2  3  4  5  6 |
---------------+-------------------+-----
Dodging        | 3 4 |  4.5
Spellcasting   | 3 4 |  4.3
Air Magic      | 4 5 |  5.1
Stealth        | |  2.6
Conjurations   | |  1.0

Action                   |  1- 3 |  4- 6 |  7- 9 || total
-------------------------+-------+-------+-------++-------
Melee: Spear             |    23 |    15 |       ||    38
       Tentacles         |     8 |     1 |       ||     9
       Constrict         |     6 |     4 |       ||    10
 Cast: Shock             |    68 |    71 |     5 ||   144
       Static Discharge  |       |    13 |     1 ||    14
Evoke: Wand              |       |     2 |       ||     2
  Use: Potion            |       |     3 |     2 ||     5
       Scroll            |       |     1 |       ||     1
 Stab: Sleeping          |     2 |       |       ||     2
Armor: Skin              |     3 |     1 |       ||     4
Dodge: Dodged            |    13 |    22 |     3 ||    38
